 Dungeon Crawl Stone Soup version 0.30.1-9-gdf580d7c3d (webtiles) character file.

Game seed: 11999982076898377645

68 ringo67 the Conjurer (level 4, -5/33 HPs)
             Began as a Human Conjurer on Oct 7, 2023.
             Was a Follower of Sif Muna.
             Killed from afar by Ijyb (8 damage)
             ... with a puff of flame
             ... on level 2 of the Dungeon.
             The game lasted 00:06:13 (2229 turns).

ringo67 the Conjurer (Human Conjurer)               Turns: 2229, Time: 00:06:14

Health: -5/33      AC:  4    Str:  7    XL:     4   Next: 41%
Magic:  1/8        EV: 12    Int: 21    God:    Sif Muna [*.....]
Gold:   111        SH:  0    Dex: 11    Spells: 5/8 levels left

rFire   . . .        g - +0 short sword
rCold   . . .        (no shield)
rNeg    . . .        a - +0 robe
rPois   .            (no helmet)
rElec   .            (no cloak)
rCorr   .            (no gloves)
SInv    .            k - +1 pair of boots
Will    .....        m - amulet of faith
Stlth   ++           (no ring)
HPRegen 0.25/turn    (no ring)
MPRegen 0.11/turn

%: faith
@: mighty
A: no striking features
a: Renounce Religion, Channel Magic


You were on level 2 of the Dungeon.
You worshipped Sif Muna.
Sif Muna was aware of your devotion.
You visited 1 branch of the dungeon, and saw 3 of its levels.

You collected 111 gold pieces.

Inventory:

Hand Weapons
 e - a +0 dagger
 g - a +0 short sword (weapon)
 i - a +3 sling
Armour
 a - a +0 robe (worn)
 k - a +1 pair of boots (worn)
Jewellery
 l - an amulet of magic regeneration
 m - an amulet of faith (around neck)
Scrolls
 c - 3 scrolls of identify {unknown}
 h - a scroll of blinking {unknown}
 j - a scroll of fog {unknown}
Potions
 b - a potion of magic
 d - a potion of curing
 f - 2 potions of might


   Skills:
 + Level 2.0 Fighting
 - Level 2.0 Dodging
 - Level 2.0 Stealth
 + Level 2.8 Spellcasting
 + Level 4.5 Conjurations


You had 5 spell levels left.
You knew the following spells:

 Your Spells              Type           Power      Damage    Failure   Level
a - Magic Dart            Conj           88%        1d7       1%          1
b - Searing Ray           Conj           44%        2d6       3%          2

Your spell library contained the following spells:

 Spells                   Type           Power      Damage    Failure   Level
 Dazzling Flash           Conj/Hex       24%        N/A       16%         3
 Fulminant Prism          Conj/Hex       6%         3d7       47%         4
 Iskenderun's Mystic Bla  Conj/Tloc      12%        2d5       47%         4


Dungeon Overview and Level Annotations

Branches:
Dungeon (3/15)

Altars:
Sif Muna

Annotations:
D:2 Ijyb


Message History

* * * LOW HITPOINT WARNING * * *
Casting: Searing Ray (safe; 3% risk of failure)
Confirm with . or Enter, or press ? or * to list all spells.
Aiming: Magic Dart (safe; 1% risk of failure)
Press: ? - help, Shift-Dir - straight line, f - Ijyb
Aim: Ijyb, wielding a +0 club, wearing a +0 ring mail and carrying a wand of flame (22) (heavily wounded, 100% to hit)
The magic dart hits Ijyb but does no damage.
Ijyb is heavily wounded.
Casting: Magic Dart (safe; 1% risk of failure)
Confirm with . or Enter, or press ? or * to list all spells.
Aiming: Magic Dart (safe; 1% risk of failure)
Press: ? - help, Shift-Dir - straight line, f/p - Ijyb
Aim: Ijyb, wielding a +0 club, wearing a +0 ring mail and carrying a wand of flame (22) (heavily wounded, 100% to hit)
The magic dart hits Ijyb.
Ijyb is heavily wounded.
Ijyb hits you with a +0 club.
* * * LOW HITPOINT WARNING * * *
You barely miss Ijyb.
Ijyb is heavily wounded.
Ijyb closely misses you.
You closely miss Ijyb.
Ijyb is heavily wounded.
Ijyb zaps a wand.
The puff of flame hits you.
* * * LOW HITPOINT WARNING * * *
It was a potion of might.
You feel very mighty all of a sudden. Ijyb misses you.
It was a potion of curing.
You feel better.
Ijyb zaps a wand.
The puff of flame hits you!
* * * LOW HITPOINT WARNING * * *
You barely miss Ijyb.
Ijyb is heavily wounded.
Ijyb hits you but does no damage.
You closely miss Ijyb.
Ijyb is heavily wounded.
Ijyb zaps a wand.
The puff of flame misses you.
You barely miss Ijyb.
Ijyb is heavily wounded.
Ijyb zaps a wand.
The puff of flame hits you!
You die...

#######<# #.########.# ........#
#........#.########
#######.#######.######.#........#
..............#.# #.#.######.#
####†....####.#.# #.#.# #.#
#.....# #.#.# #.#.# #.# #.#...#
#.#.# #.#.######.#
####.#...####.#÷######.#.#......#
...............g@......#.#.######
##.#.#..###.#.#.########.#.#
#.#.#...##.#.......# #....#
#.#.##..##.#.#.###.# #..###
#.#.....#).........# #..#
#.#####.##.#.#.##### #..#
#.##.##.##.#...# #..#
##.##..#.##.###.#######..#
...##..#.##..............#


You could see Ijyb.

Vanquished Creatures
  2 adders (D:2)
  A worm (D:2)
  A dart slug (D:1)
  5 ball pythons
  8 endoplasms
  3 giant cockroaches
  A goblin (D:1)
  A hobgoblin (D:1)
  7 jackals
  A kobold (D:2)
  A quokka (D:1)
  5 bats
  2 frilled lizards
  A rat (D:1)
39 creatures vanquished.

Notes
Turn   | Place    | Note
-------+----------+-------------------------------------------
     0 | D:1      | ringo67 the Human Conjurer began the quest for the Orb.
     0 | D:1      | Reached XP level 1. HP: 13/13 MP: 3/3
   152 | D:1      | Reached XP level 2. HP: 20/20 MP: 1/5
   483 | D:1      | Reached skill level 1 in Fighting
   643 | D:1      | Reached XP level 3. HP: 26/26 MP: 0/6
   908 | D:1      | Learned a level 2 spell: Searing Ray
  1170 | D:2      | Found a shimmering blue altar of Sif Muna.
  1179 | D:2      | Became a worshipper of Sif Muna the Loreminder
  1903 | D:2      | Reached XP level 4. HP: 16/33 MP: 0/7
  2137 | D:2      | Reached * piety under Sif Muna
  2201 | D:3      | Noticed Ijyb
  2224 | D:2      | HP: 1/33 [Ijyb/puff of flame (6)]
  2229 | D:2      | Killed from afar by Ijyb

Illustrated notes

Levels and vault maps discovered:
D:1:      dpeg_arrival_arbitrary_c, layout_rooms, nrook_campfire, st_stairs_11
D:2:      layout_basic, basic_altar
D:3:      cheibrodos_old_hovel, layout_rooms, grunt_qazlal_clouds,
          grunt_decor_junction, uniq_ijyb

Skill      XL: |  1  2  3  4 |
---------------+-------------+-----
Fighting       | 1 2 |  2.0
Dodging        | |  2.0
Stealth        | |  2.0
Spellcasting   | |  2.8
Conjurations   | |  4.5

Action                     |  1- 3 |  4- 6 || total
---------------------------+-------+-------++-------
  Melee: Dagger            |    16 |       ||    16
         Short sword       |     9 |    11 ||    20
         Punch             |     1 |       ||     1
   Cast: Magic Dart        |    65 |     4 ||    69
         Searing Ray       |     2 |     3 ||     5
    Use: Potion            |       |     2 ||     2
 Armour: Robe              |    11 |     7 ||    18
  Dodge: Dodged            |    29 |    12 ||    41
